 Dungeon Crawl Stone Soup version 0.30-a0-937-ga0a21ad780 (webtiles) character file.

Game seed: 18247305006369518967

4 GloriousHammer the Sneak (level 1, 0/11 HPs)
             Began as a Vine Stalker Brigand on Mar 24, 2023.
             Slain by a dart slug (1 damage)
             ... on level 1 of the Dungeon.
             The game lasted 00:00:24 (46 turns).

GloriousHammer the Sneak (Vine Stalker Brigand)       Turns: 46, Time: 00:00:24

Health: 0/11       AC:  3    Str: 13    XL:     1   Next: 70%
Magic:  0/2        EV: 11    Int: 11    God:
Gold:   0          SH:  0    Dex: 15    Spells: 0/0 levels left

rFire   . . .      SeeInvis .    a - +2 dagger
rCold   . . .      Faith    .    (no shield)
rNeg    . . .      Spirit   +    b - +0 robe
rPois   .          Reflect  .    (no helmet)
rElec   .          Rampage  .    c - +0 cloak
rCorr   .                        (no gloves)
Will    .....                    (no boots)
Stlth   +++                      (no amulet)
HPRegen 0.21/turn                (no ring)
MPRegen 0.08/turn                (no ring)

@: no status effects
A: fangs 2, magic shield, antimagic bite, no potion heal 2
a: no special abilities


You were on level 1 of the Dungeon.
You visited 1 branch of the dungeon, and saw 1 of its levels.

Inventory:

Hand Weapons
 a - a +2 dagger (weapon)
Missiles
 d - 9 poisoned darts (quivered)
 e - 3 curare-tipped darts
Armour
 b - a +0 robe (worn)
 c - a +0 cloak (worn)
Potions
 f - a potion of degeneration {unknown}


   Skills:
 - Level 1.7 Fighting
 + Level 1.9 Short Blades
 + Level 1.9 Throwing
 - Level 0.7 Dodging
 + Level 4.9 Stealth


You couldn't memorise any spells.
You didn't know any spells.
Your spell library was empty.

Dungeon Overview and Level Annotations

Branches:
Dungeon (1/15)

Altars:


Innate Abilities, Weirdness & Mutations

You have extremely sharp teeth.
When hurt, damage is shared between your health and your magic reserves.
Your bite disrupts and absorbs the magic of your enemies.
Potions cannot restore your health.


Message History

Welcome, GloriousHammer the Vine Stalker Brigand.
Everyone else who sought the Orb of Zot has failed.
Will you be different?
Press ? for a list of commands and other information.
Found an escape hatch in the floor.
Found a staircase leading out of the dungeon.
You open the large door.
There is a large open door here.
Found a stone staircase leading down.
A bat comes into view.
Found a scroll labelled ZOCREI LA ELOCOUCH.
A bat is nearby!
Found a scroll labelled NATTINUDGHA.
Found a chain mail.
The helpless bat fails to defend itself.
You puncture the bat!
You kill the bat!
A kobold comes into view. It is wielding a +0 dagger.
The kobold shouts!
You see here a blue potion.
f - a blue potion
Found a mace.
The kobold hits you but does no damage.
An endoplasm comes into view.
You closely miss the kobold. The kobold hits you with a +0 dagger.
You barely miss the kobold. Your bite misses the kobold.
The kobold hits you but does no damage.
You miss the kobold. The kobold hits you but does no damage.
A dart slug comes into view.
You hit the kobold.
The kobold is moderately wounded.
The kobold hits you with a +0 dagger.
You hit the kobold. Your bite misses the kobold.
The kobold is heavily wounded.
The dart slug launches a dart at you. The slug dart misses you.
The kobold closely misses you.
A ball python comes into view.
The kobold attacks as you move away! The kobold hits you but does no damage.
You strike the helpless ball python from behind!
You impale the ball python!!
You kill the ball python!
The kobold barely misses you.
You closely miss the kobold.
The kobold is moderately wounded.
The kobold hits you but does no damage.
You miss the kobold.
The kobold is moderately wounded.
The kobold hits you with a +0 dagger.
You hit the kobold. You bite the kobold, but do no damage.
The kobold is severely wounded.
The kobold hits you but does no damage.
You closely miss the kobold.
The kobold is severely wounded.
You hit the kobold but do no damage. You bite the kobold, but do no damage.
The kobold is severely wounded.
The kobold hits you with a +0 dagger.
You barely miss the kobold. You bite the kobold, but do no damage.
The kobold is severely wounded.
The kobold closely misses you.
You closely miss the kobold. Your bite misses the kobold.
The kobold is severely wounded.
The kobold barely misses you.
You hit the kobold.
You kill the kobold!
You hit the endoplasm.
The endoplasm is almost dead.
The endoplasm freezes you.
You are frozen.
You hit the endoplasm.
You kill the endoplasm!
The dart slug launches a dart at you. The slug dart hits you.
* * * LOW HITPOINT WARNING * * *
The dart slug bites you.
You die...

#<.......'........?..
####≈≈≈≈≈#......#...# #...
≈≈≈≈≈≈#≈≈#......#... #..).
§§§≈≈≈≈≈##................
§≈#≈≈≈≈≈##......#. ......
≈≈≈≈≈≈≈###......####......
§§≈≈### ##.....#.......w.
#### ###......#.........
....>.....@w........
...###....#...###... ....
#........#
....###........#
...............#
.?.#...†.#...... ..
#............# .
..............#
.............####


You could see a dart slug.

Vanquished Creatures
  A bat (D:1)
  An endoplasm (D:1)
  A kobold (D:1)
  A ball python (D:1)
4 creatures vanquished.

Notes
Turn   | Place    | Note
-------+----------+-------------------------------------------
     0 | D:1      | GloriousHammer the Vine Stalker Brigand began the quest for
                  | the Orb.
     0 | D:1      | Reached XP level 1. HP: 11/11 MP: 2/2
    46 | D:1      | Slain by a dart slug

Illustrated notes

Levels and vault maps discovered:
D:1:      lightli_molten_gateway, layout_basic, chequers_serial_rivers_small_a,
          chequers_avenue

Action                     || total
---------------------------++-------
  Melee: Dagger            ||    17
         Bite              ||     3
   Stab: Distracted        ||     1
         Sleeping          ||     1
 Armour: Robe              ||     6
  Dodge: Dodged            ||     5

Table legend: (Time is in decaauts)
 A = Elapsed time spent in this place.
 B = Non-inter-level travel time spent in this place.
 C = Inter-level travel time spent in this place.
 D = Time resting spent in this place.
 E = Time spent auto-exploring this place.
 F = Levels seen in this place.
 G = Mean time per level.
                   A        B        C        D        E       F      G
               +--------+--------+--------+--------+--------+-----+--------+
         Total |     44 |     44 |      0 |      0 |     13 |   1 |   44.0 |
       Dungeon |     44 |     44 |      0 |      0 |     13 |   1 |   44.0 |
               +--------+--------+--------+--------+--------+-----+--------+

Top non-repeatable levels by time:
     D:1: 44 daAuts
